 Dungeon Crawl Stone Soup version 0.29-a0-473-gacb4ef3bc5 (webtiles) character file.

Game seed: 1827422340175865203

1040 Lekart the Slasher (level 8, -7/68 HPs)
             Began as a Green Draconian Chaos Knight on May 23, 2022.
             Was a Plaything of Xom.
             Mangled by a gnoll
             ... wielding a +0 flail
             ... led by a gnoll shaman
              (10 damage)
             ... on level 5 of the Dungeon.
             The game lasted 00:08:59 (6106 turns).

Lekart the Slasher (Green Draconian Chaos Knight)   Turns: 6106, Time: 00:09:00

Health: -7/68      AC:  8    Str: 15    XL:     8   Next: 4%
Magic:  26/26      EV:  9    Int: 12    God:    Xom [......]
Gold:   273        SH: 11    Dex: 15    Spells: 7/7 levels left

rFire   . . .      SeeInvis .   a - +0 falchion (chaos)
rCold   . . .      Faith    .   u - +0 tower shield
rNeg    . . .      Spirit   .   (body armour unavailable)
rPois   +          Reflect  .   (helmet restricted)
rElec   .          Harm     .   (no cloak)
rCorr   .          Rampage  .   d - +0 pair of gloves
Will    .....                   p - +0 pair of boots
Stlth   +.........              (no amulet)
HPRegen 0.21/turn               c - ring of magical power
MPRegen 0.20/turn               m - ring of magical power

@: studying Throwing, unable to read
A: breathe noxious fumes, AC +6, unfitting armour, poison resistance,
cold-blooded, agile 1, evolution 1, inability to read while threatened
a: Breathe Noxious Fumes, Renounce Religion


You were on level 5 of the Dungeon.
You worshipped Xom.
You were a very special plaything of Xom.
You visited 2 branches of the dungeon, and saw 6 of its levels.

You collected 273 gold pieces.

Inventory:

Hand Weapons
 a - a +0 falchion of chaos (weapon)
Armour
 d - a +0 pair of gloves (worn)
 p - a +0 pair of boots (worn)
 u - a +0 tower shield (worn)
Jewellery
 c - a ring of magical power (left hand)
 m - a ring of magical power (right hand)
Wands
 e - a wand of flame (33)
 f - a wand of acid (3)
Scrolls
 g - 3 scrolls of identify {unknown}
 h - 3 scrolls of teleportation {unknown}
 i - a scroll of brand weapon {unknown}
 l - a scroll of enchant weapon {unknown}
 n - 2 scrolls of amnesia {unknown}
 o - a scroll of fog {unknown}
 y - a scroll of enchant armour {unknown}
Potions
 j - a potion of ambrosia {unknown}
 k - a potion of degeneration {unknown}
 r - a potion of flight {unknown}
 s - a potion of invisibility {unknown}
 t - 2 potions of heal wounds {unknown}
 w - a potion of brilliance {unknown}
 z - a potion of experience {unknown}
Miscellaneous
 b - a piece from Xom's chessboard (15/15)


   Skills:
 + Level 5.0 Fighting
 + Level 6.3 Long Blades
 + Level 6.3 Throwing
 + Level 4.0 Dodging
 + Level 1.2 Shields
 + Level 0.3 Evocations


You had 7 spell levels left.
You didn't know any spells.
Your spell library contained the following spells:

 Spells                   Type           Power      Damage    Failure   Level
 Shock                    Conj/Air       0%         1d3       99%         1
 Gell's Gravitas          Tloc           0%         N/A       100%        3
 Swiftness                Air            0%         N/A       100%        3
 Teleport Other           Tloc           0%         N/A       100%        3
 Airstrike                Air            0%         N/A       100%        4
 Dispersal                Tloc           0%         N/A       100%        6


Dungeon Overview and Level Annotations

Branches:
Dungeon (5/15)             Temple (1/1) D:5

Altars:
Ashenzari
Cheibriados
Dithmenos
Fedhas
Gozag
Hepliaklqana
Nemelex Xobeh
Okawaru
Qazlal
Ru
Sif Muna
Trog
Uskayaw
Wu Jian
Xom
Yredelemnul
Zin
The Shining One

Shops:
D:5 (

Annotations:
D:3 exclusion: downstairs


Innate Abilities, Weirdness & Mutations

You can breathe blasts of noxious fumes.
Your lurid green scales are hard. (AC +6)
You cannot fit into any form of body armour.
Your system is resistant to poisons. (rPois)
You are cold-blooded and may be slowed by cold attacks.
You are agile. (Dex +2)
You have hidden genetic potential.
You sometimes lose the ability to read scrolls when taking damage.


Message History

You are too injured to fight recklessly!
You are too injured to fight recklessly!
You are too injured to fight recklessly!
You are too injured to fight recklessly!
You are too injured to fight recklessly!
You are too injured to fight recklessly!
You are too injured to fight recklessly!
You are too injured to fight recklessly!
You are too injured to fight recklessly!
You are too injured to fight recklessly!
You are too injured to fight recklessly!
Okay, then.
The gnoll attacks as you move away! You block the gnoll's attack. x2
The gnoll misses you. The gnoll barely misses you.
The gnoll shaman stops moving altogether!
The gnoll hits you from afar with a +0 spear.
* * * LOW HITPOINT WARNING * * *
The gnoll attacks as you move away! The gnoll barely misses you.
You block the gnoll's attack. The gnoll attacks as you move away!
You block the gnoll's attack. The gnoll misses you.
The gnoll attacks as you move away! The gnoll hits you with a +0 flail.
* * * LOW HITPOINT WARNING * * *
You block the gnoll's attack. The gnoll barely misses you.
Your system partially rejects the healing.
You feel better. The gnoll barely misses you. You block the gnoll's attack.
The gnoll hits you with a +0 flail.
* * * LOW HITPOINT WARNING * * *
The gnoll attacks as you move away! The gnoll hits you with a +0 flail.
* * * LOW HITPOINT WARNING * * *
You block the gnoll's attack.
It was a potion of mutation.
You feel extremely strange.
You feel clumsy.
Your system completely accepts the healing effects of potions.
You feel a hidden potential growing inside you.
You lose the ability to read scrolls when threatened.
The gnoll hits you with a +0 flail!
You feel threatened and lose the ability to read scrolls!
You die...

...##.>.#.....
##.##⌠.⌠####.... ##.###'###
###.. # ...###.### .... ..
##.# #.# # ... .#
...###.#####.#.. .#
###............. #.#
####..####.##.##### ##..#
#..####.##.@g..#+#..(#
#........#.##gg......#+
#)<.###..#.###...."g..##
##.)# . ..# #....)....#
#†.# #.#.# +#...#.......
#.)## #.#.# #.........###
#####)..##.#..###......).##
............#
#.##........#+
#######....## #.....#+#...#


You could see 3 gnolls.

Vanquished Creatures
  A basilisk (shapeshifter) (D:2)
  A black bear (D:4)
  2 ogres
  A phantom (D:4)
  2 hounds (D:4)
  5 orc priests
  4 iguanas
  2 orc wizards
  2 gnolls (D:5)
  7 adders
  2 worms (D:2)
  A dart slug (D:3)
  12 orcs
  8 ball pythons
  9 endoplasms
  A giant cockroach (D:1)
  13 goblins
  2 hobgoblins
  2 jackals
  10 kobolds
  4 quokkas
  3 bats
  2 frilled lizards (D:1)
  3 rats
99 creatures vanquished.

Vanquished Creatures (collateral kills)
  An orc priest (D:4)
  2 orcs (D:4)
3 creatures vanquished.

Grand Total: 102 creatures vanquished

Notes
Turn   | Place    | Note
-------+----------+-------------------------------------------
     0 | D:1      | Lekart the Draconian Chaos Knight began the quest for the
                  | Orb.
     0 | D:1      | Reached XP level 1. HP: 19/19 MP: 1/1
   157 | D:1      | Reached XP level 2. HP: 26/26 MP: 2/2
   777 | D:2      | XOM: butterfly on damage
   966 | D:2      | Found a basalt altar of Yredelemnul.
  1004 | D:2      | XOM: divination: detect creatures
  1130 | D:2      | Reached XP level 3. HP: 33/33 MP: 3/3
  1339 | D:2      | Noticed Ijyb
  1350 | D:2      | Noticed Ijyb
  1350 | D:2      | Ijyb changed into Ijyb the shapeshifter
  1350 | D:2      | Noticed Ijyb
  1350 | D:2      | Ijyb the shapeshifter changed into Ijyb the basilisk
  1356 | D:2      | Killed Ijyb the basilisk
  1357 | D:2      | Reached XP level 4. HP: 41/41 MP: 4/4
  1357 | D:2      | Reached XP level 5. HP: 47/47 MP: 5/5
  1525 | D:2      | XOM: silly message
  1798 | D:3      | Reached skill level 5 in Long Blades
  1995 | D:3      | Found an ornate altar of the Wu Jian Council.
  2079 | D:3      | XOM: confuse monster(s)
  2084 | D:3      | Identified a scroll of acquirement
  2084 | D:3      | Acquired a manual of Throwing
  2245 | D:3      | XOM: god gift: wand of acid (3)
  2441 | D:3      | XOM: god gift: 4 boomerangs of dispersal
  2826 | D:3      | XOM: give mutations
  2826 | D:3      | Gained mutation: You are agile. (Dex +2) [Xom's grace]
  2826 | D:3      | Gained mutation: Your tail ends in a venomous barb. [Xom's
                  | grace]
  2826 | D:3      | Gained mutation: You are very agile. (Dex +4) [Xom's grace]
  2896 | D:3      | XOM: scenery: create altars
  3083 | D:4      | XOM: summons 3 hostile demons
  3161 | D:4      | Noticed a phantom
  3172 | D:4      | Killed a phantom
  3173 | D:4      | Reached XP level 6. HP: 42/55 MP: 6/6
  3319 | D:4      | XOM: swap monsters
  3576 | D:4      | Reached skill level 1 in Throwing
  3754 | D:4      | Found a sacrificial altar of Ru.
  3822 | D:4      | Found a snail-covered altar of Cheibriados.
  4026 | D:4      | Your scales start taking on a lurid green colour.
  4026 | D:4      | Reached XP level 7. HP: 60/60 MP: 7/7
  4026 | D:4      | Gained mutation: Your system is resistant to poisons.
                  | (rPois) [Green Draconian growth]
  4444 | D:4      | XOM: torment (31/60 hp)
  4648 | D:4      | XOM: draining
  4753 | D:4      | XOM: give mutations
  4753 | D:4      | Lost mutation: Your tail ends in a venomous barb. [Xom's
                  | mischief]
  4753 | D:4      | Gained mutation: Potions are less effective at restoring
                  | your health. [Xom's mischief]
  4832 | D:4      | XOM: noise
  4903 | D:5      | Entered Level 5 of the Dungeon
  4911 | D:4      | Reached skill level 5 in Fighting
  4911 | D:4      | Reached skill level 5 in Throwing
  5006 | D:4      | XOM: summons 2 hostile shadow creatures
  5013 | D:5      | XOM: chaos upgrade
  5168 | D:5      | Found Giotelit's Weapon Emporium.
  5401 | D:5      | Found a stormy altar of Qazlal.
  5531 | D:5      | Found a staircase to the Ecumenical Temple.
  5545 | Temple   | Entered the Ecumenical Temple
  5560 | Temple   | XOM: summons 1 hostile demon
  5923 | D:5      | Reached skill level 1 in Shields
  5939 | D:5      | Reached XP level 8. HP: 43/68 MP: 8/8
  6095 | D:5      | XOM: swap monsters
  6105 | D:5      | HP: 2/68 [gnoll/+0 flail[a gnoll shaman] (3)]
  6106 | D:5      | Lost mutation: You are very agile. (Dex +4) [potion of
                  | mutation]
  6106 | D:5      | Lost mutation: Potions are less effective at restoring your
                  | health. [potion of mutation]
  6106 | D:5      | Gained mutation: You have hidden genetic potential. [potion
                  | of mutation]
  6106 | D:5      | Gained mutation: You sometimes lose the ability to read
                  | scrolls when taking damage. [potion of mutation]
  6106 | D:5      | Mangled by a gnoll

Illustrated notes

Levels and vault maps discovered:
D:1:      dpeg_arrival_rooms_a, layout_rooms, minmay_indecisive_spiral
D:2:      kennysheep_the_goblin_king, layout_loops_cross, basic_altar,
          kennysheep_potato
D:3:      layout_loops_corners, nzn_wu_jian_contemplation
D:4:      layout_basic, mainiacjoe_overflow_catwalk, nicolae_ru_awakened_eye
D:5:      layout_loops_ring, gammafunk_temple_overflow_elements,
          lemuel_crystal_altar, temple_doors_cd, serial_shops, shop,
          minmay_misc_feat_hallway, minmay_pentangle, uniq_ijyb
Temple:   eino_temple_water

Skill      XL: |  1  2  3  4  5  6  7 |
---------------+----------------------+-----
Fighting       | 4 5 |  5.0
Long Blades    | 4 5 6 |  6.3
Dodging        | 3 4 |  4.0
Throwing       | 3 6 |  6.3
Shields        | 1 |  1.2
Evocations     | |  0.3

Action                   |  1- 3 |  4- 6 |  7- 9 || total
-------------------------+-------+-------+-------++-------
Melee: Falchion          |    78 |    78 |    75 ||   231
       Punch             |     1 |     1 |       ||     2
       Tailslap          |     7 |     9 |    15 ||    31
Throw: Boomerang         |       |    45 |       ||    45
       Dart              |       |    51 |    29 ||    80
 Abil: Breathe Noxious F |       |       |     4 ||     4
Evoke: Piece from Xom's  |       |     4 |       ||     4
  Use: Potion            |     1 |     1 |     2 ||     4
       Scroll            |       |     1 |       ||     1
 Stab: Petrifying        |       |     1 |       ||     1
       Sleeping          |       |     1 |       ||     1
       Paralysed         |       |     3 |     2 ||     5
       Confused          |       |       |     2 ||     2
Armor: Skin              |    30 |    46 |    25 ||   101
Dodge: Dodged            |    42 |    80 |    36 ||   158
Block: Tower shield      |       |       |    60 ||    60

Table legend: (Time is in decaauts)
 A = Elapsed time spent in this place.
 B = Non-inter-level travel time spent in this place.
 C = Inter-level travel time spent in this place.
 D = Time resting spent in this place.
 E = Time spent auto-exploring this place.
 F = Levels seen in this place.
 G = Mean time per level.
                   A        B        C        D        E       F      G
               +--------+--------+--------+--------+--------+-----+--------+
         Total |   6167 |   5895 |    272 |    208 |   4804 |   6 | 1027.8 |
       Dungeon |   5900 |   5642 |    258 |    208 |   4582 |   5 | 1180.0 |
        Temple |    266 |    252 |     14 |      0 |    222 |   1 |  266.0 |
               +--------+--------+--------+--------+--------+-----+--------+

Top non-repeatable levels by time:
     D:4: 2001 daAuts
     D:3: 1483 daAuts
     D:2: 1010 daAuts
     D:5: 759 daAuts
     D:1: 646 daAuts
  Temple: 266 daAuts
